 Dungeon Crawl Stone Soup version 0.31-a0-426-g3a05650e59 (webtiles) character file.

Game seed: 3062510323305299372

2286748 Flugkiller the Wrestler (level 27, 182/182 HPs)
             Began as a Vine Stalker Shapeshifter on July 30, 2023.
             Was the Champion of Wu Jian.
             Escaped with the Orb
             ... and 3 runes!
             The game lasted 01:04:56 (39810 turns).

Flugkiller the Wrestler (VSSh)                     Turns: 39810, Time: 01:04:57

Health: 182/182    AC: 38    Str: 26      XL:     27
Magic:  24/24      EV: 32    Int:  7 (8)  God:    Wu Jian [******]
Gold:   5694       SH: 31    Dex: 19      Spells: 26/26 levels left

rFire   . .          .
                       - Unarmed
rCold   . . .        r - +8 tower shield {rN+}
rNeg    + + .        f - melded +3 leather armour of Wohomp {rF++ Regen+ Dex-5 Slay+3}
rPois   ∞            Y - +0 hat "Usimam" {Will+}
rElec   +            M - +2 cloak
rCorr   .            (gloves currently unavailable)
SInv    .            (boots currently unavailable)
Will    +++++        N - amulet of the Final Chapter {rC+ Regen+}
Stlth   +            j - ring "Roafakin" {Will+ AC+4}
HPRegen 2.10/turn    u - ring of the Hare {EV+10}
MPRegen 0.19/turn

%: guardian spirit
@: statue-form, studying Staves, very slow
A: slow and powerful, torment resistance 1, boosted hp, fangs 3, regeneration 1,
magic shield, antimagic bite, no potion heal 2, (iridescent scales 1),
deterioration 1, frail 1, weak 1, wild magic 2, cold vulnerability 1
0: Orb of Zot
}: 3/15 runes: barnacled, silver, gossamer
a: Begin Untransformation, Renounce Religion, Wall Jump, Serpent's Lash,
Heavenly Storm


You escaped.
You worshipped Wu Jian.
Wu Jian was exalted by your worship.
You were a living statue of rough stone.
You visited 8 branches of the dungeon, and saw 44 of its levels.
You also visited: Sewer, Bailey, Gauntlet, Ice Cave and Wizlab.

You collected 6888 gold pieces.
You spent 1194 gold pieces at shops.

Inventory:

Missiles
 G - 15 curare-tipped darts
 U - 6 throwing nets
Armour
 f - the +3 leather armour of Wohomp (melded) {rF++ Regen+ Dex-5 Slay+3}
   (You found it on level 5 of the Dungeon)

   Dex:       It affects your dexterity (-5).
   Slay:      It affects your accuracy & damage with ranged weapons and melee
   (+3).
   rF:        It greatly protects you from fire.
   Regen:     It increases your rate of health regeneration.
 r - a +8 tower shield of positive energy (worn)
   (You took it off a vault guard on level 5 of the Vaults)
 M - a +2 cloak (worn)
   (You took it off Maurice on level 13 of the Dungeon)
 Y - the +0 hat "Usimam" (worn) {Will+}
   (You found it in a Gauntlet)

   Will:      It increases your willpower.
Jewellery
 c - a ring of protection from cold
   (You found it on level 5 of the Dungeon)
 i - a ring of see invisible
   (You found it on level 3 of the Vaults)
 j - the ring "Roafakin" (left fist) {Will+ AC+4}
   (You found it in a wizard's laboratory)

   [ring of protection]

   AC:        It affects your AC (+4).
   Will:      It increases your willpower.
 m - a ring of willpower
   (You found it on level 3 of the Lair of Beasts)
 u - the ring of the Hare (right fist) {EV+10}
   (You found it on level 6 of the Dungeon)

   [ring of evasion]

   EV:        It affects your evasion (+10).
 N - the amulet of the Final Chapter (around neck) {rC+ Regen+}
   (You found it on level 4 of the Depths)

   [amulet of regeneration]

   rC:        It protects you from cold.
   Regen:     It increases your rate of health regeneration.
Talismans
 b - a granite talisman (active)
   (You found it on level 2 of the Dungeon)
Wands
 o - a wand of charming (62)
   (You took it off Ijyb on level 4 of the Dungeon)
 B - a wand of iceblast (59)
   (You found it on level 6 of the Dungeon)
 R - a wand of mindburst (63)
   (You found it on level 4 of the Dungeon)
 W - a wand of light (21)
   (You found it in a Gauntlet)
 X - a wand of digging (14)
   (You found it in a Gauntlet)
Scrolls
 a - 4 scrolls of immolation
 k - 7 scrolls of torment
 t - 10 scrolls of teleportation
 x - 12 scrolls of poison
 z - 2 scrolls of blinking
 C - 3 scrolls of silence
 D - 6 scrolls of vulnerability
 F - 5 scrolls of fear
 P - 6 scrolls of fog
Potions
 d - 8 potions of might
 e - 9 potions of ambrosia
 h - 4 potions of haste
 l - 4 potions of invisibility
 n - a potion of resistance
 q - 17 potions of curing
 s - 3 potions of lignification
 E - 4 potions of mutation
 I - 7 potions of enlightenment
 J - 4 potions of magic
 K - 3 potions of attraction
 Q - 3 potions of berserk rage
Miscellaneous
 y - a phial of floods
   (You found it in a sewer)
 S - a phantom mirror
   (You found it in a Gauntlet)
 T - a condenser vane
   (You found it in a Gauntlet)
 V - a lightning rod (4/4)
   (You found it in an ice cave)


   Skills:
 - Level 20.0 Fighting
 - Level 15.0 Dodging
 - Level 20.0 Shields
 + Level 25.1 Unarmed Combat
 - Level 8.0 Evocations
 - Level 18.0 Shapeshifting


You had 26 spell levels left.
You didn't know any spells.
Your spell library contained the following spells:

 Spells                   Type           Power      Damage    Failure   Level
 Apportation              Tloc           0%         N/A       75%         1
 Foxfire                  Conj/Fire      0%         2x1d4     75%         1
 Magic Dart               Conj           0%         1d3       75%         1
 Necrotise                Necr           0%         1d4       75%         1
 Sandblast                Erth           0%         2d4       75%         1
 Slow                     Hex            0%         N/A       75%         1
 Sting                    Tmut/Pois      0%         1d3       75%         1
 Summon Small Mammal      Summ           0%         N/A       75%         1
 Cigotuvi's Dreadful Rot  Necr/Pois/Air  0%         N/A       87%         2
 Ensorcelled Hibernation  Hex/Ice        0%         N/A       87%         2
 Passwall                 Tmut/Erth      0%         N/A       87%         2
 Poisonous Vapours        Pois/Air       0%         N/A       87%         2
 Searing Ray              Conj           0%         2d4       87%         2
 Call Canine Familiar     Summ           0%         N/A       97%         3
 Confusing Touch          Hex            0%         N/A       97%         3
 Dazzling Flash           Conj/Hex       0%         N/A       97%         3
 Hailstorm                Conj/Ice       0%         3d3       97%         3
 Ignite Poison            Fire/Tmut/Pois 0%         N/A       97%         3
 Inner Flame              Hex/Fire       0%         N/A       97%         3
 Portal Projectile        Hex/Tloc       0%         N/A       97%         3
 Stone Arrow              Conj/Erth      0%         3d7       97%         3
 Summon Guardian Golem    Hex/Summ       0%         N/A       97%         3
 Tukima's Dance           Hex            0%         N/A       97%         3
 Vampiric Draining        Necr           0%         2d6       97%         3
 Vhi's Electric Charge    Tloc/Air       0%         N/A       97%         3
 Volatile Blastmotes      Fire/Tloc      0%         2d10      97%         3
 Anguish                  Hex/Necr       0%         N/A       100%        4
 Animate Dead             Necr           0%         N/A       100%        4
 Cause Fear               Hex            0%         N/A       100%        4
 Dispel Undead            Necr           0%         3d6       100%        4
 Flame Wave               Conj/Fire      0%         2d4       100%        4
 Fulminant Prism          Conj/Hex       0%         3d5       100%        4
 Iskenderun's Mystic Bla  Conj/Tloc      0%         2d3       100%        4
 Leda's Liquefaction      Hex/Erth       0%         N/A       100%        4
 Manifold Assault         Tloc           0%         N/A       100%        4
 Olgreb's Toxic Radiance  Pois           0%         N/A       100%        4
 Passage of Golubria      Tloc           0%         N/A       100%        4
 Sticky Flame             Conj/Fire      0%         2d3       100%        4
 Summon Ice Beast         Ice/Summ       0%         N/A       100%        4
 Agony                    Necr           0%         N/A       100%        5
 Arcjolt                  Conj/Air       0%         1d10      100%        5
 Borgnjor's Vile Clutch   Necr/Erth      0%         N/A       100%        5
 Freezing Cloud           Conj/Ice/Air   0%         6-21      100%        5
 Lee's Rapid Deconstruct  Erth           0%         3d4*      100%        5
 Silence                  Hex/Air        0%         N/A       100%        5
 Yara's Violent Unravell  Hex/Tmut       0%         3d3       100%        5
 Conjure Ball Lightning   Conj/Air       0%         3x3d6     100%        6
 Death Channel            Necr           0%         N/A       100%        6
 Dispersal                Tloc           0%         N/A       100%        6
 Leda's Unmaking          Conj/Erth      0%         9d1       100%        6
 Plasma Beam              Fire/Air       0%         2x1d10    100%        6
 Simulacrum               Ice/Necr       0%         N/A       100%        6
 Starburst                Conj/Fire      0%         6d3       100%        6
 Enfeeble                 Hex            0%         N/A       100%        7
 Haunt                    Necr/Summ      0%         N/A       100%        7
 Borgnjor's Revivificati  Necr           0%         N/A       100%        8
 Discord                  Hex            0%         N/A       100%        8
 Disjunction              Tloc           0%         N/A       100%        8
 Infestation              Necr           0%         N/A       100%        8
 Maxwell's Capacitive Co  Air            0%         ∞         100%        8
 Death's Door             Necr           0%         N/A       100%        9
 Sublimation of Blood     Necr           Unusable   N/A       N/A         2

Dungeon Overview and Level Annotations

Branches:
Dungeon (15/15)            Temple (0/1) D:4            Lair (5/5) D:8
 Shoals (4/4) Lair:3       Spider (4/4) Lair:2        Slime (0/5) Lair:5
    Orc (2/2) D:9             Elf (0/3) Orc:2        Vaults (5/5) D:14
  Crypt (0/3) Vaults:3     Depths (4/4) D:15            Zot (5/5) Depths:4
  Sewer (visited)          Bailey (visited)           IceCv (visited)
 WizLab (visited)         Gauntlet (visited)

Altars:
Ashenzari
Cheibriados
Dithmenos
Elyvilon
Fedhas
Gozag
Makhleb
Nemelex Xobeh
Qazlal
Ru
Sif Muna
Trog
Uskayaw
Vehumet
Wu Jian
Yredelemnul
Zin

Shops:
D:3 =   D:4 ?   D:12 (   Orc:2 (=(*   Shoals:4 (   Vaults:3 [   Vaults:4 [
Vaults:5 !   Depths:4 (

Portals:
Hell: Depths:1 Depths:2 Depths:3 Depths:4
Abyss: Depths:2 Depths:3
Pandemonium: Depths:1 Depths:2 Depths:4
Ziggurat: Depths:3

Annotations:
D:5 3 runed translucent doors, senseless's ghost, novice MfSh
D:8 1 runed translucent door
D:9 2 transporters, Gruesome's ghost, novice OpEE
Lair:4 3 runed translucent doors, Flugkiller's ghost, journeyman VSSh
Lair:5 1 runed translucent door, exclusion: oklob plant
Shoals:1 exclusion: oklob plant
Depths:3 1 runed translucent door, exclusions: daeva and 3 more exclusions, TobyConnect's ghost, adept DsSh
Zot:5 1 runed translucent door, flestrin's ghost, legendary BaSu


Innate Abilities, Weirdness & Mutations

You are a living statue of rough stone.
Your actions are slow, but your melee attacks are powerful.
You are resistant to unholy torment.
Your maximum health is greatly increased.
Your equipment is partially melded.
You are immune to poison.
You have razor-sharp teeth.
Your natural rate of healing is unusually fast.
When hurt, damage is shared between your health and your magic reserves.
Your bite disrupts and absorbs the magic of your enemies.
Potions cannot restore your health.
((You are partially covered in iridescent scales. (AC +2)))
Your body sometimes deteriorates upon taking damage.
You are frail. (-10% HP)
You are weak. (Str -2)
Your spells are harder to cast, but more powerful.
You are vulnerable to cold. (rC-)


Message History

There is an open door here.
There is a stone staircase leading up here.
You climb upwards.
Level annotation: 1 runed translucent door
There is a stone staircase leading down here.
There is a stone staircase leading up here.
You climb upwards.
There is a stone staircase leading down here.
You see here 5 poisoned darts.
There is a stone staircase leading up here.
You climb upwards.
There is a stone staircase leading down here.
There is a stone staircase leading up here.
You climb upwards.
Level annotation: 3 runed translucent doors, senseless's ghost, novice MfSh A blizzard demon comes into view.
There is a stone staircase leading down here.
The blizzard demon moves out of view.
There is a stone staircase leading up here.
The blizzard demon gestures at you. The bolt of lightning misses you.
You climb upwards.
There is a stone staircase leading down here.
(D) Dungeon (T) Temple (L) Lair (A) Shoals (N) Spider Nest (M) Slime Pits (O) Orcish Mines (E) Elven Halls (V) Vaults (C) Crypt (U) Depths (H) Hell (Z) Zot
Where to? (Enter - D:1 @ (x,y), ? - help)
You see here a +0 dagger.
There is a stone staircase leading up here.
You climb upwards.
There is a stone staircase leading down here. 2 hellwings and 2 smoke demons come into view.
The smoke demon attacks as you move away!
You block the smoke demon's attack. The smoke demon barely misses you.
You block the smoke demon's attack.
The hellwing gives a chilling moan.
The smoke demon roars!
There is a stone staircase leading up here.
You climb upwards.
There is a stone staircase leading down here.
No target in view!
No target in view!
(D) Dungeon (T) Temple (L) Lair (A) Shoals (N) Spider Nest (M) Slime Pits (O) Orcish Mines (E) Elven Halls (V) Vaults (C) Crypt (U) Depths (H) Hell (Z) Zot
Where to? (Enter - D:1 @ (x,y), ? - help)
A hellion comes into view.
The hellion gestures at you.
The sphere of damnation explodes!
The damnation engulfs you!! The hellion gestures at you.
The sphere of damnation explodes!
The damnation engulfs you!! The hellion misses you.
You pound the hellion into fine dust!!!!
You kill the hellion!
The Council accepts your kill.
No target in view!
No target in view!
(D) Dungeon (T) Temple (L) Lair (A) Shoals (N) Spider Nest (M) Slime Pits (O) Orcish Mines (E) Elven Halls (V) Vaults (C) Crypt (U) Depths (H) Hell (Z) Zot
Where to? (Enter - D:1 @ (x,y), ? - help)
An Orb Guardian comes into view.
There is a stone staircase leading up here.
You climb upwards.
There is a stone staircase leading down here.
(D) Dungeon (T) Temple (L) Lair (A) Shoals (N) Spider Nest (M) Slime Pits (O) Orcish Mines (E) Elven Halls (V) Vaults (C) Crypt (U) Depths (H) Hell (Z) Zot
Where to? (Enter - D:1 @ (x,y), ? - help)
A soul eater comes into view.
The soul eater moves out of view.
Aiming: Dig
Press: ? - help, Shift-Dir - straight line This square is covered in magical glow.
The rock shatters into small pieces.
You block the soul eater's attack.
You hit the soul eater but do no damage.
You bite the soul eater!
The soul eater's magic leaks into the air.
You drain its magic.
You feel invigorated.
The soul eater is lightly wounded.
You pummel the soul eater!! You bite the soul eater!!
The soul eater's magic leaks into the air.
You drain its magic.
The soul eater is almost dead.
You block the soul eater's attack.
You pummel the soul eater!!
You kill the soul eater!
The Council accepts your kill.
There is a staircase leading out of the dungeon here.
Enter note: gg You are a living statue of rough stone.
You are studying Staves.
Your movement speed is very slow.
Your attack delay is about 0.9.
Your damage rating with unarmed combat is about 69 (Base [12 + 25 (UC)] x 140% (Str) x 133% (Fight)).
Your base attributes are Str 28, Int 8, Dex 19.
Unknown command.
You have escaped!

##.....#.##.###..#####
.......#....##.......#
##....########.......#
..###.########.......# ##### #
#...#.#.....##.###########...####
###...###.#.##.######.(##.###.##.
###..##.#.##.#..#..#.#.###.####
#.....#.##.#.....#.#..##.##..
#.##..#.##.#8.###.#..#.#....#
#.##..#.##.#....##..##.#.####
#........#.#..##....#.###.... ##
#######....#########.######## .#
####.......................... .#
#.....####...#####.####.###### .#
#.......##...# #........># .#
#.....#.##...############..# .#
#.....#.##................####


There were no monsters in sight!

Vanquished Creatures
  6 dread liches
  3 orbs of fire (Zot:5)
  4 ancient liches
  Mara (Vaults:3)
  A juggernaut (Depths:1)
  2 royal mummies (Depths:3)
  Boris (twice) (Depths:3 D:10)
  4 Killer Klowns (Zot:5)
  Saint Roka (Vaults:2)
  Margery (Depths:3)
  2 curse toes (Zot:5)
  Xtahua (Vaults:3)
  9 golden dragons
  Arachne (Spider:3)
  A bone dragon (Depths:4)
  2 electric golems
  Jorgrun (D:13)
  Mlioglotl (Shoals:3)
  13 tentacled monstrosities
  5 liches
  27 Orb Guardians
  Asterion (Vaults:3)
  A pandemonium lord (D:10)
  3 quicksilver dragons
  7 titans
  4 death cobs
  5 sphinxes
  3 ancient champions (WizLab)
  5 revenants
  8 tengu reavers
  Kirke (Spider:1)
  2 krakens
  14 storm dragons
  2 draconian monks
  Agnes (Spider:3)
  5 fire giants
  7 shadow dragons
  3 draconian knights
  Ilsuiw (Shoals:3)
  Donald (Spider:4)
  15 frost giants
  An iron dragon (Depths:4)
  3 draconian scorchers
  8 ghost moths
  A cacodemon (Zot:1)
  Louise (Shoals:2)
  2 orc warlords (Orc:2)
  24 vault wardens
  A broodmother (shapeshifter) (Vaults:5)
  A spriggan defender (Depths:3)
  4 draconian shifters
  22 ironbound preservers
  3 draconian annihilators (Zot:1)
  A demonspawn blood saint (D:13)
  An angel (D:13)
  A reaper (IceCv)
  7 formless jellyfish
  2 war gargoyles
  A draconian stormcaller (Zot:1)
  7 ironbound thunderhulks
  21 stone giants
  19 very ugly things
  A deep elf demonologist (Vaults:5)
  10 green draconians
  3 halazid warlocks (WizLab)
  A vampire knight (Depths:4)
  4 white draconians
  4 black draconians
  A spectral titan (WizLab)
  7 yellow draconians
  8 dire elephants
  Azrael (D:13)
  A minotaur (Gauntlet)
  5 purple draconians
  A spark wasp (Spider:2)
  2 eidola (WizLab)
  4 red draconians
  2 blizzard demons
  A crystal guardian (Vaults:4)
  6 merfolk impalers
  18 ettins
  2 mummy priests (Depths:3)
  13 fire dragons
  5 merfolk javelineers (Shoals:4)
  2 deep elf death magi
  6 jiangshi
  A quicksilver dragon zombie (WizLab)
  4 great orbs of eyes
  A spectral quicksilver dragon (WizLab)
  3 deep elf high priests (Vaults:5)
  36 vault guards
  Fannar (Lair:1)
  15 entropy weavers
  2 great orbs of eyes (shapeshifter) (Vaults:5)
  14 yaktaur captains
  A hell beast (Depths:4)
  3 ogre magi
  3 rakshasas
  7 hydras
  7 ice dragons
  12 ironbound frosthearts
  A merfolk avatar (Shoals:4)
  3 peacekeepers (Vaults:4)
  A catoblepas (Lair:2)
  5 radroaches (Spider:4)
  4 merfolk aquamancers (Shoals:4)
  2 alligator snapping turtles
  12 boulder beetles
  4 spriggan air magi
  6 two-headed ogres
  A death knight (D:14)
  12 centaur warriors
  5 satyrs
  Urug (D:12)
  11 deep troll shamans
  8 deep troll earth magi
  6 demonic crawlers
  A two-headed ogre (shapeshifter) (Depths:4)
  6 tengu warriors
  A shock serpent (shapeshifter) (Vaults:5)
  A hell hog (Depths:4)
  4 orc high priests (Orc:2)
  4 spriggan berserkers
  3 sun demons
  3 soul eaters
  2 hell knights (Depths:3)
  3 skysharks
  A spectral spark wasp (WizLab)
  2 spark wasp zombies (WizLab)
  4 pharaoh ants
  3 shadow wraiths
  A fire crab (Gauntlet)
  9 iron trolls
  74 deep trolls
  An orb spider (shapeshifter) (Depths:1)
  4 sixfirhies
  6 skeletal warriors
  Lodul (D:12)
  5 flayed ghosts
  10 sea snakes
  A glowing orange brain (Vaults:4)
  A quicksilver dragon simulacrum (Depths:4)
  A swamp dragon (Lair:5)
  6 orb spiders
  9 phantasmal warriors
  A death drake (shapeshifter) (Vaults:5)
  5 lindwurms
  5 orc knights
  7 wizards
  2 spectral wolf spiders (WizLab)
  25 harpies
  A deep elf pyromancer (D:15)
  13 steelbarb worms
  13 necromancers
  6 cyclopes
  13 wolf spiders
  14 ironbound convokers
  11 manticores
  6 orc sorcerers
  2 spectral spriggans (WizLab)
  23 fauns
  29 ugly things
  14 moths of wrath
  3 elephants (Lair:1)
  13 water nymphs
  22 vault sentinels
  A human skeleton (Vaults:2)
  13 merfolk sirens
  2 smoke demons (Depths:4)
  Maurice (D:13)
  A gargoyle (D:11)
  A rust devil (Depths:2)
  2 ice statues (IceCv)
  4 black mambas
  13 torpor snails
  A hellion (D:2)
  3 orange demons
  40 yaktaurs
  7 cane toads
  7 rime drakes
  2 freezing wraiths (D:14)
  10 komodo dragons
  A komodo dragon (shapeshifter) (D:15)
  A kobold demonologist (D:12)
  2 tormentors
  An anaconda simulacrum (IceCv)
  2 tengu conjurers
  25 merfolk
  9 meliai
  2 red devils
  5 guardian mummies (Depths:3)
  8 trolls
  A spectral harpy (WizLab)
  4 tyrant leeches (Lair:5)
  12 ice devils
  6 polar bears
  5 wind drakes
  A harpy zombie (WizLab)
  A queen bee (shapeshifter) (Vaults:5)
  Prince Ribbit (D:5)
  A troll (shapeshifter) (D:15)
  11 hornets
  16 blink frogs
  10 snapping turtles
  3 hellwings
  28 slime creatures
  27 tarantellas
  An ettin zombie (Vaults:2)
  14 jumping spiders
  9 dream sheep
  2 vampires
  8 culicivoras
  14 flying skulls (WizLab)
  10 water elementals (Shoals:4)
  A ynoxinul (Depths:4)
  An ettin skeleton (Vaults:2)
  10 spriggans
  Sigmund (D:5)
  5 wyverns
  6 wraiths
  54 yaks
  2 hogs (Spider:1)
  3 fire bats (Gauntlet)
  Grum (D:8)
  2 basilisks
  3 chaos spawn
  A golden eye (shapeshifter) (Vaults:5)
  2 fire elementals (D:13)
  42 redbacks
  A death yak simulacrum (IceCv)
  6 steam dragons
  4 vampire mosquitoes (D:13)
  A redback simulacrum (D:14)
  5 wargs (Orc:2)
  Edmund (D:5)
  An ogre zombie (Vaults:2)
  A harpy simulacrum (IceCv)
  A hydra simulacrum (IceCv)
  3 hell hounds (D:13)
  Duvessa (D:5)
  An acid dragon (Lair:5)
  13 water moccasins
  30 orc warriors
  2 swamp drakes (Lair:5)
  4 ice beasts
  21 wolves
  4 black bears
  15 ogres
  9 centaurs
  3 kobold brigands
  A phantom (D:7)
  10 bullfrogs
  5 gnoll sergeants
  A two-headed ogre simulacrum (IceCv)
  4 cane toad simulacra (IceCv)
  5 scorpions
  11 wights
  Dowan (D:5)
  9 killer bees
  2 howler monkeys
  6 electric eels
  4 hounds
  3 jellies
  19 orc priests
  Ijyb (D:4)
  7 iguanas
  22 orc wizards
  4 hell rats (Lair:5)
  4 troll simulacra (IceCv)
  A mummy (Depths:3)
  21 gnolls
  15 adders
  A naga simulacrum (IceCv)
  2 river rats (D:6)
  3 shadow imps
  6 white imps
  9 ufetubi
  4 worms
  60 orcs
  11 ball pythons
  18 bats
  3 endoplasms
  11 giant cockroaches
  13 goblins
  6 hobgoblins
  4 jackals (D:4)
  4 quokkas
  12 frilled lizards
  13 kobolds
  11 rats
  2 spectral weapons (Shoals:4)
  7 tentacles
1969 creatures vanquished.

Vanquished Creatures (others)
  A merfolk javelineer (Shoals:4)
  A merfolk aquamancer (Shoals:4)
  A centaur warrior (D:14)
  2 harpies (Shoals:4)
  A faun (Shoals:4)
  A yaktaur (Vaults:5)
  A redback (Spider:1)
  3 humans (Spider:1)
  A centaur (D:14)
  5 orcs
  2 starspawn tentacles (Shoals:3)
  14 tentacles
33 creatures vanquished.

Grand Total: 2002 creatures vanquished

Notes
Turn   | Place    | Note
-------+----------+-------------------------------------------
     0 | D:1      | Flugkiller the Vine Stalker Shapeshifter began the quest
                  | for the Orb.
     0 | D:1      | Reached XP level 1. HP: 9/9 MP: 2/2
    46 | D:1      | Reached skill level 1 in Fighting
   202 | D:1      | Reached XP level 2. HP: 15/15 MP: 3/3
   579 | D:1      | Reached XP level 3. HP: 12/18 MP: 2/4
   885 | D:2      | Found a blossoming altar of Fedhas.
  1022 | D:2      | Found a faded altar of an unknown god.
  1182 | D:2      | Gained mutation: Your natural rate of healing is unusually
                  | fast. [Vine Stalker growth]
  1182 | D:2      | Reached XP level 4. HP: 22/24 MP: 5/5
  1247 | D:3      | Found Barea's Jewellery Emporium.
  1294 | D:3      | Found a shadowy altar of Dithmenos.
  1297 | D:3      | Found the +5 woodcutter's axe
  2113 | D:4      | Noticed an ogre
  2123 | D:4      | Killed an ogre
  2124 | D:4      | Reached XP level 5. HP: 28/28 MP: 6/6
  2167 | D:4      | Found a shimmering blue altar of Sif Muna.
  2167 | D:4      | Found a broken altar of Ashenzari.
  2167 | D:4      | Found a blossoming altar of Fedhas.
  2174 | D:4      | Found a snail-covered altar of Cheibriados.
  2175 | D:4      | Found a bloodstained altar of Trog.
  2177 | D:4      | Found a sparkling altar of Nemelex Xobeh.
  2178 | D:4      | Found an ornate altar of the Wu Jian Council.
  2180 | D:4      | Found a sacrificial altar of Ru.
  2184 | D:4      | Found a radiant altar of Vehumet.
  2187 | D:4      | Became a worshipper of the Wu Jian Council
  2189 | D:4      | Found a glowing silver altar of Zin.
  2295 | D:4      | Reached XP level 6. HP: 29/33 MP: 4/7
  2307 | D:4      | Found a staircase to the Ecumenical Temple.
  2311 | D:4      | Noticed Ijyb
  2318 | D:4      | Killed Ijyb
  2350 | D:4      | Found Hucul's Magic Scroll Shop.
  2500 | D:4      | Bought a scroll of identify for 28 gold pieces
  2500 | D:4      | Bought a scroll of identify for 28 gold pieces
  2500 | D:4      | Bought a scroll of identify for 28 gold pieces
  2514 | D:5      | Entered Level 5 of the Dungeon
  2551 | D:5      | Noticed Sigmund
  2556 | D:5      | Found a runed translucent gate.
  2557 | D:5      | Found a runed translucent gate.
  2558 | D:5      | Found an opulent altar of Gozag.
  2558 | D:5      | Found a runed translucent gate.
  2560 | D:5      | Killed Sigmund
  2561 | D:5      | Reached skill level 5 in Shapeshifting
  2561 | D:5      | Reached XP level 7. HP: 38/38 MP: 8/8
  2564 | D:5      | Noticed senseless's ghost (novice MfSh)
  2689 | D:5      | Identified the +3 leather armour of Wohomp {rF++ Regen+
                  | Dex-5 Slay+3}
  2734 | D:5      | Noticed Prince Ribbit
  2741 | D:5      | Killed Prince Ribbit
  2742 | D:5      | Reached skill level 5 in Fighting
  2839 | D:5      | Noticed Edmund
  2856 | D:5      | Gained mutation: You have razor-sharp teeth. [Vine Stalker
                  | growth]
  2856 | D:5      | Reached XP level 8. HP: 40/43 MP: 9/9
  2860 | D:5      | Killed Edmund
  2961 | D:5      | Noticed Duvessa
  2961 | D:5      | Noticed Dowan
  2966 | D:5      | Killed Dowan
  2968 | D:5      | Killed Duvessa
  3076 | D:5      | Reached * piety under Wu Jian
  3312 | D:6      | Found an opulent altar of Gozag.
  3324 | D:6      | Found the ring of the Hare {EV+10}
  3424 | D:6      | Reached XP level 9. HP: 49/49 MP: 10/10
  3592 | D:6      | Found a glowing drain.
  3602 | Sewer    | Entered a sewer
  3620 | Sewer    | Reached ** piety under Wu Jian
  4230 | D:6      | Found a basalt altar of Yredelemnul.
  4306 | D:6      | Noticed a manticore
  4312 | D:6      | Killed a manticore
  4500 | D:6      | Found a white marble altar of Elyvilon.
  4934 | D:7      | Reached *** piety under Wu Jian
  4935 | D:7      | Reached XP level 10. HP: 56/56 MP: 11/11
  5173 | D:7      | Reached skill level 10 in Shapeshifting
  5409 | D:8      | Found a staircase to the Lair.
  5455 | D:8      | Reached **** piety under Wu Jian
  5682 | D:8      | Found a runed translucent door.
  5683 | D:8      | Found a burning altar of Makhleb.
  5683 | D:8      | Noticed a sixfirhy
  5883 | D:8      | Noticed Grum
  5891 | D:8      | Killed Grum
  6314 | D:9      | Reached XP level 11. HP: 50/62 MP: 8/12
  6314 | D:9      | Noticed a two-headed ogre
  6324 | D:9      | Killed a two-headed ogre
  6339 | D:9      | Found a staircase to the Orcish Mines.
  6416 | D:9      | Found a flagged portal.
  6429 | Bailey   | Entered a bailey
  6467 | Bailey   | Reached ***** piety under Wu Jian
  6468 | Bailey   | Noticed a two-headed ogre
  6482 | Bailey   | Killed a two-headed ogre
  6747 | D:9      | Found a transporter.
  6748 | D:9      | Noticed Gruesome's ghost (novice OpEE)
  6748 | D:9      | Noticed a two-headed ogre
  6749 | D:9      | Noticed a two-headed ogre
  6751 | D:9      | Noticed a two-headed ogre
  6753 | D:9      | Reached skill level 10 in Fighting
  6753 | D:9      | Identified the +10 great mace of Gallantry {vamp, Dex+2}
  6753 | D:9      | Identified the +6 giant club "Monkev" {freeze, Int+3 Dex+4
                  | Stlth-}
  6753 | D:9      | Noticed a two-headed ogre
  6759 | D:9      | Found a transporter.
  7134 | D:10     | Entered Level 10 of the Dungeon
  7877 | D:11     | Noticed a two-headed ogre
  7883 | D:11     | Killed a two-headed ogre
  8077 | D:11     | Noticed a boulder beetle
  8090 | D:11     | Killed a boulder beetle
  8091 | D:11     | Reached XP level 12. HP: 67/67 MP: 13/13
  8587 | Lair:1   | Entered Level 1 of the Lair of Beasts
  8603 | Lair:1   | Noticed Fannar
  8616 | Lair:1   | Killed Fannar
  8803 | Lair:1   | Reached skill level 15 in Shapeshifting
  8850 | Lair:1   | Reached skill level 1 in Evocations
  9437 | Lair:2   | Noticed a catoblepas
  9446 | Lair:2   | Reached skill level 4 in Unarmed Combat
  9450 | Lair:2   | Killed a catoblepas
  9480 | Lair:2   | Found a hole to the Spider Nest.
  9543 | Lair:2   | Reached skill level 5 in Unarmed Combat
  9558 | Lair:2   | Found a gate leading to a gauntlet.
  9568 | Gauntlet | Entered a Gauntlet
  9568 | Gauntlet | Found a runed translucent door.
  9568 | Gauntlet | Found a transporter.
  9568 | Gauntlet | Found a runed translucent door.
  9575 | Gauntlet | Found a transporter.
  9577 | Gauntlet | Found a transporter.
  9586 | Gauntlet | Found a runed translucent door.
  9588 | Gauntlet | Found a transporter.
  9590 | Gauntlet | Found a transporter.
  9595 | Gauntlet | Noticed a blizzard demon
  9601 | Gauntlet | Found a transporter.
  9616 | Gauntlet | Found a transporter.
  9617 | Gauntlet | Noticed a hell beast
  9627 | Gauntlet | Found a transporter.
  9639 | Gauntlet | Found a transporter.
  9642 | Gauntlet | Noticed a ghost crab
  9654 | Gauntlet | Found a transporter.
  9655 | Gauntlet | Found a transporter.
  9655 | Gauntlet | Noticed a death scarab
  9667 | Gauntlet | Found a transporter.
  9707 | Gauntlet | Found a transporter.
  9721 | Gauntlet | Found a transporter.
  9833 | Gauntlet | Reached XP level 13. HP: 44/72 MP: 9/14
  9947 | Gauntlet | Killed a blizzard demon
  9948 | Gauntlet | Reached skill level 6 in Unarmed Combat
  9952 | Gauntlet | Identified the +0 hat "Usimam" {Will+}
 10071 | Gauntlet | Identified the +10 war axe of the Final Hosts {drain,
                  | *Noise rC++ rCorr}
 10071 | Gauntlet | Noticed a minotaur
 10082 | Gauntlet | Killed a minotaur
 10133 | Gauntlet | Identified the +1 troll leather armour of Restlessness
                  | {rPois rN++ Regen+}
 10348 | Lair:2   | Reached skill level 5 in Evocations
 10584 | Lair:2   | Reached skill level 7 in Unarmed Combat
 10845 | Lair:3   | Found a staircase to the Shoals.
 10948 | Lair:3   | Identified the +7 hand axe "Transmigrator" {protect, Int+4}
 11071 | Lair:3   | Reached skill level 8 in Unarmed Combat
 11762 | Lair:4   | Reached skill level 9 in Unarmed Combat
 11795 | Lair:4   | Reached XP level 14. HP: 77/77 MP: 12/15
 11908 | Lair:4   | Found a runed translucent gate.
 11908 | Lair:4   | Found a runed translucent gate.
 11908 | Lair:4   | Found a runed translucent gate.
 11913 | Lair:4   | Noticed Flugkiller's ghost (journeyman VSSh)
 12464 | Lair:5   | Entered Level 5 of the Lair of Beasts
 12515 | Lair:5   | Reached skill level 10 in Unarmed Combat
 12600 | Lair:5   | Reached skill level 11 in Unarmed Combat
 12719 | Lair:5   | Found a runed translucent door.
 12720 | Lair:5   | Found a staircase to the Slime Pits.
 12720 | Lair:5   | Noticed an acid blob
 12720 | Lair:5   | Noticed an acid blob
 12720 | Lair:5   | Noticed an acid blob
 13166 | Lair:5   | Reached skill level 12 in Unarmed Combat
 13172 | Lair:5   | Found a runed translucent door.
 13728 | D:12     | Found Ynois's Weapon Shop.
 13918 | D:12     | Found a frozen archway.
 13923 | D:12     | Noticed Lodul
 13929 | D:12     | Reached skill level 13 in Unarmed Combat
 13981 | D:12     | Reached ****** piety under Wu Jian
 13987 | D:12     | Killed Lodul
 14092 | IceCv    | Entered an ice cave
 14299 | IceCv    | Noticed a reaper
 14319 | IceCv    | Killed a reaper
 14320 | IceCv    | Reached skill level 14 in Unarmed Combat
 14693 | D:12     | Noticed Urug
 14697 | D:12     | Killed Urug
 14698 | D:12     | Reached XP level 15. HP: 47/80 MP: 10/16
 14940 | D:13     | Noticed Maurice
 14946 | D:13     | Killed Maurice
 15087 | D:13     | Noticed Azrael
 15115 | D:13     | Killed Azrael
 15232 | D:13     | Identified the +1 robe of Bellicose Knowledge {rElec rN+
                  | Int+3 Stlth+}
 15372 | D:13     | Noticed Jorgrun
 15388 | D:13     | Killed Jorgrun
 15941 | D:14     | Reached skill level 15 in Unarmed Combat
 15963 | D:14     | Reached skill level 5 in Dodging
 16117 | D:14     | Found a stormy altar of Qazlal.
 16294 | D:14     | Found a gate to the Vaults.
 16653 | D:15     | Entered Level 15 of the Dungeon
 17123 | D:15     | Found a staircase to the Depths.
 17494 | Orc:1    | Entered Level 1 of the Orcish Mines
 17807 | Orc:2    | Entered Level 2 of the Orcish Mines
 17807 | Orc:2    | Noticed an orc warlord
 17823 | Orc:2    | Killed an orc warlord
 17873 | Orc:2    | Noticed an orc warlord
 17882 | Orc:2    | Killed an orc warlord
 17889 | Orc:2    | Reached XP level 16. HP: 58/85 MP: 17/17
 18225 | Orc:2    | Found a staircase to the Elven Halls.
 18246 | Orc:2    | Found Kugygell's General Store.
 18246 | Orc:2    | Found Deodd's Antique Weapon Shoppe.
 18248 | Orc:2    | Found Udyfaok's Weapon Boutique.
 18248 | Orc:2    | Found Dotsad's Jewellery Shoppe.
 18258 | Orc:2    | Bought an amulet of regeneration for 390 gold pieces
 18613 | Spider:1 | Entered Level 1 of the Spider Nest
 18617 | Spider:1 | Noticed Kirke
 18624 | Spider:1 | Killed Kirke
 18625 | Spider:1 | Reached skill level 1 in Shields
 18699 | Spider:1 | Reached skill level 10 in Dodging
 18845 | Spider:1 | Reached skill level 5 in Shields
 19852 | Spider:3 | Noticed Agnes
 19860 | Spider:3 | Killed Agnes
 20184 | Spider:3 | Noticed Arachne
 20194 | Spider:3 | Killed Arachne
 20233 | Spider:3 | Reached XP level 17. HP: 89/89 MP: 18/18
 20287 | Spider:3 | Found a hide-covered altar of Uskayaw.
 20666 | Spider:3 | Reached skill level 10 in Shields
 20892 | Spider:4 | Entered Level 4 of the Spider Nest
 21374 | Spider:3 | Found a hide-covered altar of Uskayaw.
 21946 | Spider:4 | Noticed Donald
 21955 | Spider:4 | Killed Donald
 22409 | Spider:4 | Got a gossamer rune of Zot
 22779 | Shoals:1 | Entered Level 1 of the Shoals
 22782 | Shoals:1 | Identified a scroll of acquirement
 22783 | Shoals:1 | Acquired a manual of Fighting
 23029 | Shoals:1 | Noticed a kraken
 23042 | Shoals:1 | Killed a kraken
 23455 | Shoals:1 | Found a bloodstained altar of Trog.
 23478 | Shoals:2 | Noticed Louise
 23486 | Shoals:2 | Killed Louise
 23490 | Shoals:2 | Reached XP level 18. HP: 99/99 MP: 19/19
 24093 | Shoals:3 | Noticed Mlioglotl
 24102 | Shoals:3 | Killed Mlioglotl
 24342 | Shoals:3 | Noticed Ilsuiw
 24395 | Shoals:3 | Killed Ilsuiw
 24567 | Shoals:4 | Entered Level 4 of the Shoals
 24584 | Shoals:4 | Identified the +2 eveningstar of Skirmishing {antimagic,
                  | rElec rCorr Int+3}
 24791 | Shoals:4 | Found the crystal ball of Wucad Mu {*channel}
 25220 | Shoals:4 | Got a barnacled rune of Zot
 25311 | Shoals:4 | Found Fastoiwe's Firing Range.
 25354 | Shoals:4 | Reached XP level 19. HP: 52/106 MP: 7/20
 25435 | Shoals:4 | Identified the +1 pair of boots of the Circus Animal
                  | {Dex+6}
 25769 | Vaults:1 | Entered Level 1 of the Vaults
 26708 | Vaults:2 | Found a magical portal.
 26728 | WizLab   | Entered Borgnjor's Mausoleum
 26786 | WizLab   | Reached skill level 15 in Shields
 26847 | WizLab   | Reached XP level 20. HP: 111/111 MP: 21/21
 26895 | WizLab   | Identified the ring "Roafakin" {Will+ AC+4}
 26904 | WizLab   | Got the Tractate on Maleficent Words
 27574 | Vaults:2 | Noticed Saint Roka
 27585 | Vaults:2 | Killed Saint Roka
 27590 | Vaults:2 | Reached skill level 16 in Unarmed Combat
 27693 | Vaults:2 | Reached skill level 15 in Fighting
 28023 | Vaults:3 | Noticed Xtahua
 28028 | Vaults:3 | Killed Xtahua
 28035 | Vaults:3 | Noticed Mara
 28037 | Vaults:3 | Noticed Flugkiller's illusion
 28044 | Vaults:3 | Killed Mara
 28125 | Vaults:3 | Found a staircase to the Crypt.
 28213 | Vaults:3 | Found Kackyu's Armour Shoppe.
 28475 | Vaults:3 | Reached XP level 21. HP: 118/118 MP: 22/22
 28547 | Vaults:3 | Noticed Asterion
 28557 | Vaults:3 | Killed Asterion
 28581 | Vaults:3 | Reached skill level 17 in Unarmed Combat
 29463 | Vaults:4 | Reached skill level 18 in Unarmed Combat
 29507 | Vaults:4 | Identified the +8 shortbow of Slow Death {heavy, rPois
                  | rCorr}
 29716 | Vaults:4 | Found Kevid's Armour Shop.
 30082 | Depths:1 | Entered Level 1 of the Depths
 30094 | Depths:1 | Identified the +6 rapier of the Enchanted Forest {drain,
                  | Dex+2 SInv Stlth+}
 30125 | Depths:1 | Reached XP level 22. HP: 124/124 MP: 21/23
 30236 | Depths:1 | Paralysed by a floating eye for 3 turns
 30318 | Depths:1 | Found a gateway to Hell.
 30583 | Depths:1 | Noticed a golden dragon
 30589 | Depths:1 | Killed a golden dragon
 30634 | Depths:1 | Found a sparkling altar of Nemelex Xobeh.
 30762 | Depths:1 | Found a one-way gate leading to the halls of Pandemonium.
 30890 | Depths:2 | Reached skill level 19 in Unarmed Combat
 31164 | Depths:2 | Found a one-way gate to the infinite horrors of the Abyss.
 31173 | Depths:2 | Noticed a golden dragon
 31178 | Depths:2 | Identified the +8 halberd "Atwuxue" {elec, Str+6}
 31179 | Depths:2 | Killed a golden dragon
 31293 | Depths:2 | Identified the +4 quarterstaff "Mois" {speed, Will+}
 31372 | Depths:2 | Noticed a juggernaut
 31493 | Depths:1 | Killed a juggernaut
 31494 | Depths:1 | Reached skill level 20 in Unarmed Combat
 32068 | Depths:3 | Found a one-way gateway to a ziggurat.
 32069 | Depths:3 | Noticed Boris
 32083 | Depths:3 | Killed Boris
 32146 | Depths:3 | Noticed a golden dragon
 32153 | Depths:3 | Killed a golden dragon
 32208 | Depths:3 | Reached XP level 23. HP: 129/129 MP: 21/24
 32220 | Depths:3 | Noticed Margery
 32237 | Depths:3 | Killed Margery
 32599 | Depths:3 | Noticed a royal mummy
 32604 | Depths:3 | Killed a royal mummy
 32624 | Depths:3 | Noticed a royal mummy
 32632 | Depths:3 | Killed a royal mummy
 32858 | Depths:3 | Found a runed translucent door.
 32858 | Depths:3 | Noticed TobyConnect's ghost (adept DsSh)
 33361 | Depths:4 | Entered Level 4 of the Depths
 33361 | Depths:4 | Found Toisiyrr's Antique Weapon Boutique.
 33382 | Depths:4 | Identified the +5 eveningstar of the Candelabrum {speed,
                  | rF+}
 33653 | Depths:4 | Found a radiant altar of Vehumet.
 33812 | Depths:4 | Noticed a golden dragon
 33825 | Depths:4 | Killed a golden dragon
 33826 | Depths:4 | Found a gate to the Realm of Zot.
 34146 | Depths:4 | Identified the amulet of the Final Chapter {rC+ Regen+}
 34517 | Vaults:5 | Entered Level 5 of the Vaults
 34563 | Vaults:5 | Noticed a golden dragon
 34570 | Vaults:5 | Killed a golden dragon
 34605 | Vaults:5 | Noticed a dread lich
 34613 | Vaults:5 | Found Penor's Distillery.
 34618 | Vaults:5 | Killed a dread lich
 34619 | Vaults:5 | Reached skill level 21 in Unarmed Combat
 34657 | Vaults:5 | Reached XP level 24. HP: 136/136 MP: 24/24
 34695 | Vaults:5 | Identified the +11 halberd "Fuiczymy" {heavy, rCorr Str+3}
 34697 | Vaults:5 | Identified the staff "Dufim" {rPois Dex+2 Poison}
 34720 | Vaults:5 | Noticed a dread lich
 34723 | Vaults:5 | Killed a dread lich
 34763 | Vaults:5 | Noticed a dread lich
 34769 | Vaults:5 | Killed a dread lich
 34805 | Vaults:5 | Reached skill level 15 in Dodging
 34806 | Vaults:5 | Noticed a dread lich
 34811 | Vaults:5 | Identified the +7 shortbow of the Maze {freeze, rPois}
 34813 | Vaults:5 | Killed a dread lich
 34836 | Vaults:5 | Got a silver rune of Zot
 34981 | Vaults:5 | Noticed an ancient lich
 34990 | Vaults:5 | Killed an ancient lich
 35053 | Vaults:5 | Bought a potion of mutation for 160 gold pieces
 35053 | Vaults:5 | Bought 2 potions of haste for 400 gold pieces
 35053 | Vaults:5 | Bought a potion of cancellation for 160 gold pieces
 35506 | Vaults:5 | Identified the ring of Koih Wiz {*Corrode rPois Str-4 Int+6
                  | Dex+10}
 35611 | Vaults:5 | Reached skill level 22 in Unarmed Combat
 35611 | Vaults:5 | Reached XP level 25. HP: 144/144 MP: 24/24
 35612 | Vaults:5 | Reached XP level 26. HP: 149/149 MP: 24/24
 35886 | Zot:1    | Entered Level 1 of the Realm of Zot
 35971 | Zot:1    | Reached XP level 27. HP: 153/153 MP: 24/24
 37290 | Zot:5    | Entered Level 5 of the Realm of Zot
 37292 | Zot:5    | Noticed flestrin's ghost (legendary BaSu)
 37292 | Zot:5    | Found a runed translucent door.
 37513 | Zot:5    | Reached skill level 23 in Unarmed Combat
 37552 | Zot:5    | Noticed an ancient lich
 37556 | Zot:5    | Killed an ancient lich
 37557 | Zot:5    | Noticed an orb of fire
 37557 | Zot:5    | Noticed an orb of fire
 37563 | Zot:5    | Noticed an ancient lich
 37563 | Zot:5    | Noticed an orb of fire
 37568 | Zot:5    | Gained mutation: You occasionally lose the ability to drink
                  | potions when taking damage. [mutagenic glow]
 37594 | Zot:4    | Gained mutation: Your body sometimes deteriorates upon
                  | taking damage. [mutagenic glow]
 38321 | Zot:5    | Killed an ancient lich
 38325 | Zot:5    | Gained mutation: You have a pair of small horns on your
                  | head. [an orb of fire]
 38326 | Zot:5    | Gained mutation: You are weak. (Str -2) [an orb of fire]
 38327 | Zot:5    | Killed an orb of fire
 38342 | Zot:4    | Lost mutation: You occasionally lose the ability to drink
                  | potions when taking damage. [potion of mutation]
 38342 | Zot:4    | Lost mutation: Your body sometimes deteriorates upon taking
                  | damage. [potion of mutation]
 38342 | Zot:4    | Lost mutation: You have a pair of small horns on your head.
                  | [potion of mutation]
 38342 | Zot:4    | Gained mutation: You are partially covered in iridescent
                  | scales. (AC +2) [potion of mutation]
 38342 | Zot:4    | Gained mutation: Your spells are a little harder to cast,
                  | but a little more powerful. [potion of mutation]
 38342 | Zot:4    | Gained mutation: Your spells are harder to cast, but more
                  | powerful. [potion of mutation]
 38464 | Zot:5    | Noticed an ancient lich
 38475 | Zot:5    | Killed an ancient lich
 38523 | Zot:5    | Killed an orb of fire
 38941 | Zot:5    | Noticed a dread lich
 38945 | Zot:5    | Killed a dread lich
 38948 | Zot:5    | Gained mutation: Your body sometimes deteriorates upon
                  | taking damage. [an orb of fire]
 38951 | Zot:5    | Gained mutation: You are vulnerable to cold. (rC-) [an orb
                  | of fire]
 38955 | Zot:5    | Gained mutation: You are frail. (-10% HP) [an orb of fire]
 38956 | Zot:5    | Killed an orb of fire
 39115 | Zot:5    | Reached skill level 24 in Unarmed Combat
 39215 | Zot:5    | Noticed a dread lich
 39222 | Zot:5    | Killed a dread lich
 39269 | Zot:5    | Got the Orb of Zot
 39580 | D:13     | Noticed a seraph
 39581 | D:13     | Reached skill level 25 in Unarmed Combat
 39629 | D:11     | Noticed Wiruibla the pandemonium lord
 39644 | D:10     | Killed Wiruibla the pandemonium lord
 39655 | D:10     | Noticed Boris
 39659 | D:10     | Killed Boris
 39809 | D:1      | gg
 39810 | D:$      | Escaped with the Orb!

Illustrated notes

##.....#.##.###..#####
.......#....##.......#
##....########.......#
..###.########.......# ##### #
#...#.#.....##.###########...####
###...###.#.##.######.(##.###.##.
###..##.#.##.#..#..#.#.###.####
#.....#.##.#.....#.#..##.##..
#.##..#.##.#8.###.#..#.#....#
#.##..#.##.#....##..##.#.####
#........#.#..##....#.###.... ##
#######....#########.######## .#
####.......................... .#
#.....####...#####.####.###### .#
#.......##...# #........># .#
#.....#.##...############..# .#
#.....#.##................####


Turn 39809 on D:1: gg

Levels and vault maps discovered:
D:1:      dpeg_arrival_signposts, layout_basic
D:2:      layout_rooms, shapermc_ecumenical_altar_mp_highgroup, basic_altar
D:3:      layout_basic, nicolae_dithmenos_shadow_blocks, serial_shops, shop
D:4:      layout_rooms, nicolae_overflow_hallway_of_the_gods,
          minmay_temple_entry_gardened_gates, serial_shops,
          nicolae_shop_window_shopping, uniq_ijyb
D:5:      layout_loops_cross, ebering_ghost_gozag, uniq_sigmund,
          uniq_prince_ribbit1, uniq_edmund, uniq_duvessa
D:6:      layout_basic, mainiacjoe_overflow_concentric_impassable,
          kennysheep_ying_yang, lightli_sewer_entry_pipes, hex_tiny,
          roderic_lattice_a, minmay_bent
D:7:      layout_rooms, minmay_chambers_of_fives
D:8:      layout_basic, nzn_makhleb_speed_demon, erik_lair_island, uniq_grum
D:9:      layout_gridville, david_orc_2, enter_bailey_5, gammafunk_ghost_smash,
          dreamdust_princess_corridor
D:10:     layout_basic, small_statue_alley_a
D:11:     layout_irregular_city, grunt_ministairs_1
D:12:     layout_loops_ring, portal_ice_cave_entry_animals_and_master,
          serial_shops, shop, uniq_lodul, uniq_urug
D:13:     layout_basic, uniq_azrael, uniq_maurice, uniq_jorgrun
D:14:     layout_stronghold, hellmonk_vaults_order_and_chaos,
          nicolae_qazlal_general_emergency, minmay_misc_feat_roman
D:15:     hangedman_depths_entry_civil_slaughter, layout_rooms,
          roderic_roman_lattice
Lair:1:   layout_misc_corridors, chequers_serial_rivers_small_b,
          lemuel_old_faithful, uniq_fannar
Lair:2:   layout_long_grid, nicolae_spider_entry_lesser_pyramids,
          gauntlet_entry_generic, roderic_batcave, st_stairs_3
Lair:3:   layout_cave_pods, minmay_shoals_entry_beasts, minivault_26
Lair:4:   layout_regular_city, gammafunk_ghost_necromancy,
          gammafunk_lair_bear_cave
Lair:5:   guppyfry_lair_end_dragon, layout_gridlike, wormcave, slime_entry_2
Shoals:1: layout_shoals, lemuel_oklob_altar
Shoals:2: layout_shoals, uniq_louise
Shoals:3: layout_shoals, uniq_ilsuiw, uniq_mlioglotl
Shoals:4: shoals_end_hangedman, layout_shoals, shoals_ilsuiw_ice,
          nicolae_shop_firing_range
Spider:1: layout_spider_delve, nicolae_spider_webbed_stairs, uniq_kirke
Spider:2: layout_spider_delve, nicolae_spider_not_touching_you
Spider:3: layout_spider_delve, nicolae_spider_altar_of_dancing, uniq_arachne,
          uniq_agnes
Spider:4: hellmonk_spider_rune_bug_friends, hangedman_spider_tarantella_strand,
          uniq_donald
Orc:1:    layout_caves
Orc:2:    grunt_orc_tribal_feast, layout_caves, nicolae_orc_tapped_out
Vaults:1: nicolae_vaults_library_corner, nicolae_vaults_little_squares_3,
          v_misc_28, nicolae_vaults_trapezoid_2, nicolae_vaults_border_crossing,
          vaults_dpeg_encased_lava, nicolae_vaults_house_2,
          hangedman_vaults_hat, nicolae_vaults_storage_closets_1,
          nicolae_vaults_diagonal_hallway_6, layout_vaults_big_room
Vaults:2: infiniplex_enter_wizlab_water, hangedman_vaults_stream,
          hangedman_vaults_unwind, nicolae_vaults_tetromino_T_2,
          nicolae_vaults_steering_wheel, v_misc_22, vaults_dpeg_emergency_exit,
          ontoclasm_vaults_ring_square, nicolae_vaults_oval_intersection,
          v_pattern_5, v_rooms_6, vaults_room_fours,
          nicolae_vaults_tetromino_Z_2, ontoclasm_vaults_loading_screen,
          nicolae_vaults_diamond_1, layout_vaults_omnibox, uniq_saint_roka
Vaults:3: minmay_crypt_entry_simple_sparse, nicolae_vaults_yaktaur_gun_rack,
          nicolae_vaults_closet_pinwheel_1, nicolae_vaults_variable_pillar_hall,
          ontoclasm_vaults_shout, nicolae_vaults_trapezoid_lopsided_1,
          nicolae_vaults_weapon_check, v_misc_27, nicolae_vaults_rhombus_7,
          nicolae_vaults_stepped_doors, vaults_room_door_hall,
          nicolae_vaults_storage_room_statues, ontoclasm_vaults_fault,
          layout_vaults_ring, serial_shops, shop, uniq_mara, uniq_asterion,
          uniq_xtahua
Vaults:4: v_pattern_2, vaults_mumra_minichess, dpeg_vaults_monster_box,
          v_rooms_4, ontoclasm_vaults_loading_screen,
          nicolae_vaults_double_plus_1, nicolae_vaults_taking_the_gang_shopping,
          nicolae_vaults_little_squares_6, layout_vaults_omnigrid
Vaults:5: serial_shops
Depths:1: layout_cave_shapes, rand_demon_pan_entry_1, hell_entry, serial_glass,
          glass_columns_a, glass_columns_b, glass_columns_a, glass_columns_b,
          nemelex_diamond_rough_becter
Depths:2: minmay_the_grid_square_5x5_4x4_mashed
          [minmay_the_grid_square_5x5_half_checkered,
          minmay_the_grid_square_5x5_fat_x,
          minmay_the_grid_square_5x5_eight_small,
          minmay_the_grid_square_5x5_bracketed,
          minmay_the_grid_square_5x5_seven,
          minmay_the_grid_square_5x5_prize_waves,
          minmay_the_grid_square_5x5_prize_pseudospiral,
          minmay_the_grid_square_5x5_spiral_small,
          minmay_the_grid_square_5x5_tie,
          minmay_the_grid_square_5x5_prize_itemx,
          minmay_the_grid_square_5x5_prize_open,
          minmay_the_grid_square_5x5_inset,
          minmay_the_grid_square_5x5_beaten_path,
          minmay_the_grid_square_5x5_longway,
          minmay_the_grid_square_5x5_misaligned,
          minmay_the_grid_square_5x5_three], layout_long_grid,
          grunt_pan_entry_in_and_out, abyss_entry, hell_entry, st_stairs_8,
          serial_sigils_hangedman_confine, infiniplex_staircase_pool_2,
          firewood_loft
Depths:3: ragdoll_tomb_raider, layout_gridlike, enter_ziggurat_d,
          abyss_entry_small_statue_room, ebering_ghost_inner_flame,
          hangedman_coc_ice_floe, infiniplex_staircase_zigzag_4,
          grunt_megastairs_1, uniq_boris, uniq_grunn, uniq_margery
Depths:4: grunt_zot_entry_hairpin, layout_gridlike, grunt_mini_vestibule,
          nicolae_vehumet_radiance, serial_shops, shop, grunt_pan_entry_spiral
Zot:1:    layout_twisted_circle
Zot:2:    layout_onion_interference
Zot:3:    layout_gridlike, uniq_parghit
Zot:4:    layout_basic
Zot:5:    layout_misc_corridors, ebering_ghost_reflecting_pool, st_stairs_5,
          hangedman_zot_diagonal_lockstep, nicolae_lava_and_water

Skill      XL: |  1  2  3  4  5  6  7  8  9 10 11 12 13 14 15 16 17 18 19 20 21 22 23 24 25 26 27 |
---------------+----------------------------------------------------------------------------------+-----
Fighting       | 1 2 3 4 5 6 7 9 10 12 14 15 16 17 18 20 | 20.0
Shapeshifting  | 4 5 6 7 9 11 13 15 16 18 | 18.0
Evocations     | 3 7 8 |  8.0
Unarmed Combat | 5 9 14 15 16 18 20 21 22 25 | 25.1
Dodging        | 8 10 11 12 13 14 15 | 15.0
Shields        | 9 10 12 15 16 17 18 19 20 | 20.0

Action                     |  1- 3 |  4- 6 |  7- 9 | 10-12 | 13-15 | 16-18 | 19-21 | 22-24 | 25-27 || total
---------------------------+-------+-------+-------+-------+-------+-------+-------+-------+-------++-------
  Melee: Unarmed           |    87 |    12 |       |       |   617 |  1275 |  1079 |  1018 |   492 ||  4580
         Bite              |    17 |     4 |    38 |   116 |   304 |   390 |   457 |   422 |   226 ||  1974
         Battleaxe         |       |    33 |   183 |   390 |   295 |       |       |       |       ||   901
         Punch             |       |       |       |       |    40 |       |       |       |       ||    40
         Headbutt          |       |       |       |       |       |       |       |       |     2 ||     2
 Invoke: Serpent's Lash    |       |       |       |     7 |    24 |    24 |     7 |    11 |     8 ||    81
         Heavenly Storm    |       |       |       |       |     1 |     3 |     3 |     2 |     2 ||    11
Ability: Lunge             |       |     1 |    18 |    48 |    59 |    76 |    55 |    54 |    20 ||   331
         Whirlwind         |       |       |     2 |    29 |   106 |   202 |   177 |   260 |    86 ||   862
         Wall Jump         |       |       |       |       |       |     1 |       |       |       ||     1
  Evoke: Wand              |       |     4 |       |       |     1 |       |       |       |     1 ||     6
    Use: Potion            |     1 |       |     3 |       |       |     2 |       |     1 |    11 ||    18
         Scroll            |       |     6 |     4 |     7 |     9 |     8 |     2 |     2 |    16 ||    54
   Stab: Sleeping          |     3 |     2 |       |       |     3 |     2 |     4 |     3 |     1 ||    18
         Distracted        |     1 |       |       |     1 |       |       |     2 |     1 |       ||     5
         Petrified         |       |       |       |     3 |       |       |       |       |       ||     3
         Paralysed         |       |       |       |       |       |     1 |       |       |       ||     1
         Invisible         |       |       |       |       |       |       |       |       |     2 ||     2
 Armour: Animal skin       |    13 |    10 |       |       |       |       |       |       |       ||    23
         Skin              |     6 |       |       |     4 |   255 |   507 |   307 |   225 |    83 ||  1387
         Leather armour    |       |       |    36 |    23 |     9 |       |       |       |       ||    68
         Crystal plate arm |       |       |       |    30 |       |       |       |       |       ||    30
  Dodge: Dodged            |    48 |    24 |   143 |   426 |  1293 |  2438 |  1226 |   761 |   256 ||  6615
  Block: Buckler           |       |       |       |       |    35 |   261 |       |       |       ||   296
         Kite shield       |       |       |       |       |       |   651 |   348 |       |       ||   999
         Tower shield      |       |       |       |       |       |   143 |   911 |   922 |   483 ||  2459
         Reflection        |       |       |       |       |       |    49 |    26 |       |       ||    75
   Form: Statue            |       |       |       |     1 |     2 |       |       |       |       ||     3
         Beast             |       |       |       |     1 |     1 |       |       |       |       ||     2

Table legend: (Time is in decaauts)
 A = Elapsed time spent in this place.
 B = Non-inter-level travel time spent in this place.
 C = Inter-level travel time spent in this place.
 D = Time resting spent in this place.
 E = Time spent auto-exploring this place.
 F = Levels seen in this place.
 G = Mean time per level.
                   A        B        C        D        E       F      G
               +--------+--------+--------+--------+--------+-----+--------+
         Total |  54135 |  48560 |   5575 |   2849 |  32440 |  49 | 1104.8 |
       Dungeon |  13786 |  11545 |   2241 |    551 |   8263 |  15 |  919.1 |
          Lair |   6550 |   6017 |    533 |    119 |   4640 |   5 | 1310.0 |
        Shoals |   4487 |   4297 |    190 |     72 |   2829 |   4 | 1121.8 |
   Spider Nest |   6052 |   5784 |    268 |    799 |   3695 |   4 | 1513.0 |
  Orcish Mines |   1517 |   1462 |     55 |     90 |   1053 |   2 |  758.5 |
        Vaults |   7761 |   7033 |    728 |     57 |   4618 |   5 | 1552.2 |
        Depths |   7238 |   6049 |   1189 |    274 |   4334 |   4 | 1809.5 |
           Zot |   4232 |   3865 |    367 |    630 |   2035 |   5 |  846.4 |
         Sewer |    684 |    684 |      0 |      0 |    416 |   1 |  684.0 |
        Bailey |    173 |    173 |      0 |      0 |     68 |   1 |  173.0 |
      Ice Cave |    361 |    361 |      0 |     16 |     81 |   1 |  361.0 |
        Wizlab |    514 |    514 |      0 |      0 |    160 |   1 |  514.0 |
      Gauntlet |    775 |    775 |      0 |    239 |    244 |   1 |  775.0 |
               +--------+--------+--------+--------+--------+-----+--------+

Top non-repeatable levels by time:
Spider:3: 3120 daAuts
Depths:3: 2259 daAuts
Depths:4: 2042 daAuts
   Zot:5: 1684 daAuts
Vaults:5: 1659 daAuts
Vaults:4: 1655 daAuts
    D:14: 1648 daAuts
  Lair:5: 1626 daAuts
Shoals:4: 1528 daAuts
Vaults:1: 1520 daAuts
Depths:1: 1491 daAuts
Vaults:2: 1481 daAuts
Depths:2: 1445 daAuts
Vaults:3: 1444 daAuts
  Lair:4: 1419 daAuts
